 Dungeon Crawl Stone Soup version 0.28.0-53-g5a82cb258f (webtiles) character file.

Game seed: 15198675847876624274

5119 Zeld the Geomancer (level 10, -1/50 HPs)
             Began as a Gargoyle Earth Elementalist on Aug 2, 2022.
             Was an Initiate of Gozag.
             Slain by a shadow (31 damage)
             ... on level 10 of the Dungeon.
             The game lasted 00:16:25 (14677 turns).

Zeld the Geomancer (Gargoyle Earth Elementalist)   Turns: 14677, Time: 00:16:26

Health: -1/50      AC: 13    Str: 12    XL:     10   Next: 58%
Magic:  0/20       EV: 11    Int: 20    God:    Gozag
Gold:   755        SH:  0    Dex: 10    Spells: 13/23 levels left

rFire   . . .      SeeInvis .   a - +5 mace (vorpal)
rCold   . . .      Faith    .   q - orb {*channel}
rNeg    + + .      Spirit   .   b - +1 leather armour of Music {+Inv rN+ Slay-3}
rPois   ∞          Reflect  .   (no helmet)
rElec   +          Harm     .   d - +0 cloak
rCorr   +          Rampage  .   n - +0 pair of gloves
Will    .....                   (no boots)
Stlth   ++........              (no amulet)
HPRegen 0.16/turn               t - ring of resist corrosion
MPRegen 0.17/turn               (no ring)

@: no status effects
A: sickness immunity, AC +7, negative energy resistance 1, electricity
resistance, torment resistance 1, petrification resistance
a: Renounce Religion, Evoke Invisibility, Potion Petition, Call Merchant, Bribe
Branch


You were on level 10 of the Dungeon.
You worshipped Gozag.
Gozag was pleased with you.
You visited 2 branches of the dungeon, and saw 11 of its levels.

You collected 1503 gold pieces.
You paid 748 gold pieces to Gozag.

Inventory:

Hand Weapons
 a - a +5 vorpal mace (weapon)
Missiles
 c - 186 stones
Armour
 b - the +1 leather armour of Music (worn) {+Inv rN+ Slay-3}
   (You found it on level 5 of the Dungeon)

   Slay:      It affects your accuracy & damage with ranged weapons and melee
   (-3).
   rN:        It protects you from negative energy.
   +Inv:      It lets you turn invisible.
 d - a +0 cloak (worn)
 n - a +0 pair of gloves (worn)
 q - an orb of energy (worn)
Jewellery
 t - a ring of resist corrosion (left hand)
Wands
 v - a wand of flame (27)
 x - a wand of iceblast (11)
Scrolls
 g - a scroll of silence
 h - 4 scrolls of teleportation
 m - a scroll of blinking
 r - a scroll of amnesia
 s - a scroll of brand weapon {unknown}
 u - 2 scrolls of acquirement {unknown}
 w - 2 scrolls of vulnerability {unknown}
 z - 2 scrolls of magic mapping {unknown}
 B - a scroll of enchant weapon {unknown}
 C - a scroll of fear {unknown}
 E - a scroll of summoning {unknown}
Potions
 e - 2 potions of curing {unknown}
 f - 2 potions of ambrosia {unknown}
 i - 3 potions of haste
 j - a potion of brilliance {unknown}
 k - a potion of mutation {unknown}
 l - a potion of invisibility {unknown}
 o - a potion of might {unknown}
 A - a potion of heal wounds {unknown}
 D - a potion of flight {unknown}


   Skills:
 * Level 4.2 Maces & Flails
 - Level 2.0 Dodging
 - Level 4.0 Stealth
 * Level 7.3 Spellcasting
 + Level 5.7 Conjurations
 - Level 1.0 Transmutations
 * Level 10.0 Earth Magic
 * Level 6.7 Evocations


You had 13 spell levels left.
You knew the following spells:

 Your Spells              Type           Power      Damage    Failure   Level
a - Sandblast             Erth           94%        2d19      1%          1
b - Passwall              Tmut/Erth      24%        N/A       1%          2
c - Stone Arrow           Conj/Erth      76%        3d11      1%          3
d - Petrify               Tmut/Erth      29%        N/A       12%         4

Your spell library contained the following spells:

 Spells                   Type           Power      Damage    Failure   Level
 Freeze                   Ice            28%        1d5       12%         1
 Summon Small Mammal      Summ           28%        N/A       12%         1
 Blink                    Tloc           14%        N/A       19%         2
 Call Canine Familiar     Summ           7%         N/A       34%         3
 Frozen Ramparts          Ice            14%        1d3       34%         3
 Summon Guardian Golem    Hex/Summ       7%         N/A       34%         3
 Hailstorm                Conj/Ice       18%        3d6       34%         4
 Ice Form                 Ice/Tmut       9%         N/A       67%         4
 Animate Dead             Necr           3%         N/A       75%         4
 Summon Ice Beast         Ice/Summ       7%         N/A       75%         4
 Manifold Assault         Tloc           7%         N/A       97%         5
 Summon Mana Viper        Hex/Summ       7%         N/A       97%         5
 Haunt                    Necr/Summ      3%         N/A       100%        7
 Monstrous Menagerie      Summ           3%         N/A       100%        7
 Storm Form               Tmut/Air       4%         N/A       100%        7
 Infestation              Necr           3%         N/A       100%        8


Dungeon Overview and Level Annotations

Branches:
Dungeon (10/15)            Temple (1/1) D:4             Orc (0/2) D:9
   Lair: D:8-11

Altars:
Ashenzari
Cheibriados
Dithmenos
Elyvilon
Fedhas
Gozag
Hepliaklqana
Kikubaaqudgha
Makhleb
Nemelex Xobeh
Okawaru
Qazlal
Ru
Sif Muna
Trog
Uskayaw
Vehumet
Wu Jian
Xom
Yredelemnul
Zin
The Shining One

Shops:
D:8 :   D:9 :

Annotations:
D:9 1 runed translucent door, exclusion: troll
D:10 exclusion: deep elf pyromancer


Innate Abilities, Weirdness & Mutations

You are immune to sickness and miasma.
Your stone body is resilient. (AC +7)
You are immune to poison.
You resist negative energy. (rN+)
You are resistant to electric shocks. (rElec)
You are resistant to unholy torment.
You are immune to petrification.


Message History

Confirm with . or Enter, or press ? or * to list all spells.
Aiming: Stone Arrow (safe; 1% risk of failure)
Press: ? - help, Shift-Dir - straight line The stone arrow hits something.
The shadow strikes at you from the darkness!
Reactivating autopickup.
Casting: Stone Arrow (safe; 1% risk of failure)
Confirm with . or Enter, or press ? or * to list all spells.
Aiming: Stone Arrow (safe; 1% risk of failure)
Press: ? - help, Shift-Dir - straight line
Okay, then.
The stone arrow hits the shadow!
The shadow is severely damaged.
The shadow hits you.
The stone arrow misses the shadow.
You feel a strange surge of energy.
You are confused.
The shadow misses you.
You're too confused to cast spells.
You're too confused to cast spells.
You're too confused to move!
You feel less confused. The shadow hits you.
Your magical contamination has completely faded away.
The stone arrow hits the shadow!
The shadow is almost destroyed.
The shadow slips into darkness.
The shadow flickers and vanishes!
Deactivating autopickup; reactivate with Ctrl-A.
You can't see any susceptible monsters within range! (Use Z to cast anyway.)
Casting: Stone Arrow (safe; 1% risk of failure)
Confirm with . or Enter, or press ? or * to list all spells.
You can't see any susceptible monsters within range! (Use Z to cast anyway.)
Casting: Stone Arrow (safe; 1% risk of failure)
Confirm with . or Enter, or press ? or * to list all spells.
Aiming: Stone Arrow (safe; 1% risk of failure)
Press: ? - help, Shift-Dir - straight line The shadow strikes at you from the darkness!
Ouch! That really hurt!
You die...
Your body crumbles into a pile of gold.

.###############.#
.# #.# .# #.#
.###############.#
.................#
################.#
#.# #{# #@#
################.#
......<.........>#
################.#
#.# #.# #)# #.#
#.#


There were no monsters in sight!

Vanquished Creatures
  An orc knight (D:10)
  Psyche (D:9)
  2 slime creatures
  A shadow (D:9)
  5 yaks
  2 steam dragons
  A water moccasin (D:9)
  3 sky beasts (D:5)
  3 black bears
  2 orc warriors
  A swamp drake (D:9)
  An ogre (D:9)
  A necrophage (D:7)
  A phantom (D:5)
  2 kobold brigands (D:8)
  2 bullfrogs (D:6)
  2 scorpions (D:4)
  A wyvern skeleton (D:7)
  4 killer bees
  3 wights (D:8)
  3 hounds
  A jelly (D:5)
  8 orc priests
  Crazy Yiuf (D:7)
  A gnoll shaman (D:9)
  Ijyb (D:3)
  11 orc wizards
  A killer bee zombie (D:8)
  2 hound skeletons (D:4)
  A howler monkey zombie (D:8)
  8 gnolls
  3 adders
  A howler monkey skeleton (D:6)
  2 shadow imps
  2 white imps
  An ufetubus (D:5)
  An adder skeleton (D:4)
  3 worms
  3 dart slugs
  41 orcs
  4 bats
  6 endoplasms
  A giant cockroach (D:4)
  15 goblins
  5 hobgoblins
  10 kobolds
  4 quokkas
  15 ball pythons
  5 frilled lizards (D:1)
  5 rats
204 creatures vanquished.

Vanquished Creatures (others)
  5 demonic plants (D:2)
  5 fungi (D:2)
  6 plants (D:2)
  4 withered plants (D:2)
20 creatures vanquished.

Grand Total: 224 creatures vanquished

Notes
Turn   | Place    | Note
-------+----------+-------------------------------------------
     0 | D:1      | Zeld the Gargoyle Earth Elementalist began the quest for
                  | the Orb.
     0 | D:1      | Reached XP level 1. HP: 10/10 MP: 3/3
   219 | D:1      | Reached XP level 2. HP: 15/15 MP: 3/5
   222 | D:1      | Learned a level 2 spell: Passwall
   263 | D:1      | Reached skill level 1 in Transmutations
   629 | D:1      | Reached skill level 4 in Earth Magic
   801 | D:1      | Reached XP level 3. HP: 19/19 MP: 3/6
   805 | D:1      | Learned a level 3 spell: Stone Arrow
  1261 | D:2      | Found a faded altar of an unknown god.
  1341 | D:2      | Reached XP level 4. HP: 24/24 MP: 5/8
  2100 | D:3      | Reached skill level 1 in Conjurations
  2256 | D:3      | Noticed Ijyb
  2357 | D:3      | Paralysed by Ijyb for 4 turns
  2500 | D:3      | Paralysed by Ijyb for 4 turns
  2656 | D:3      | Paralysed by Ijyb for 3 turns
  2669 | D:3      | Killed Ijyb
  2670 | D:3      | Reached skill level 1 in Evocations
  2670 | D:3      | Reached XP level 5. HP: 28/28 MP: 0/9
  3156 | D:4      | Found a staircase to the Ecumenical Temple.
  3165 | D:4      | Reached skill level 5 in Earth Magic
  3170 | Temple   | Entered the Ecumenical Temple
  3318 | Temple   | Became a worshipper of Gozag Ym Sagoz the Greedy
  3331 | D:4      | Reached XP level 6. HP: 29/32 MP: 8/10
  4175 | D:4      | Found a bloodstained altar of Trog.
  4316 | D:4      | Found an ancient bone altar of Kikubaaqudgha.
  4316 | D:4      | Found an iron altar of Okawaru.
  4362 | D:5      | Entered Level 5 of the Dungeon
  4369 | D:5      | Noticed a steam dragon
  5066 | D:5      | Killed a steam dragon
  5067 | D:5      | Reached XP level 7. HP: 36/36 MP: 2/12
  5278 | D:5      | Reached skill level 6 in Earth Magic
  5366 | D:5      | Found a shimmering altar of Xom.
  5366 | D:5      | Found an ornate altar of the Wu Jian Council.
  5562 | D:5      | Identified the +1 leather armour of Music {+Inv rN+ Slay-3}
  5644 | D:5      | Reached XP level 8. HP: 36/41 MP: 6/14
  5785 | D:5      | Found a white marble altar of Elyvilon.
  5786 | D:5      | Found a glowing silver altar of Zin.
  5819 | D:5      | Learned a level 4 spell: Petrify
  7343 | D:7      | Reached skill level 7 in Earth Magic
  7580 | D:7      | Reached skill level 5 in Spellcasting
  7970 | D:7      | Found a runed translucent door.
  7971 | D:7      | Noticed Crazy Yiuf
  8438 | D:6      | Reached skill level 8 in Earth Magic
  8438 | D:6      | Reached XP level 9. HP: 36/45 MP: 4/17
  8908 | D:7      | Reached skill level 5 in Evocations
  9174 | D:7      | Killed Crazy Yiuf
  9292 | D:8      | Found Binaawkust's Book Emporium.
 10696 | D:9      | Reached skill level 1 in Maces & Flails
 10949 | D:9      | Noticed a troll
 11035 | D:9      | Noticed Psyche
 11039 | D:9      | Killed Psyche
 11040 | D:9      | Reached skill level 9 in Earth Magic
 11420 | D:8      | Found a sacrificial altar of Ru.
 11511 | D:8      | Reached skill level 5 in Conjurations
 11959 | D:9      | Found a runed translucent door.
 11964 | D:9      | Reached XP level 10. HP: 50/50 MP: 12/20
 12009 | D:9      | Found a burning altar of Makhleb.
 12009 | D:9      | Noticed a sixfirhy
 13444 | D:9      | Found a staircase to the Orcish Mines.
 13956 | D:10     | Entered Level 10 of the Dungeon
 14093 | D:10     | Noticed a deep elf pyromancer
 14121 | D:10     | Noticed an orc knight
 14474 | D:10     | Killed an orc knight
 14475 | D:10     | Reached skill level 10 in Earth Magic
 14677 | D:10     | Slain by a shadow

Illustrated notes

Levels and vault maps discovered:
D:1:      denvon_arrival_planthouse, layout_basic, serial_curves,
          eino_curves_01, eino_curves_02, chequers_serial_rivers_micro_a
D:2:      kennysheep_the_goblin_king, layout_loops_ring,
          shapermc_ecumenical_altar_gd
D:3:      layout_loops_ring, uniq_ijyb
D:4:      layout_cave_pools, general_overflow_altar,
          gammafunk_temple_overflow_elements,
          minmay_temple_entry_drinking_statues, grunt_decor_fettered
D:5:      layout_rooms, mainiacjoe_overflow_alcove_3
D:6:      layout_rooms, serial_co_window_serial, co_window_paths_b,
          co_window_of_opportunity_a, co_window_paths_a,
          co_window_of_opportunity_a, co_window_cross_1,
          co_window_of_opportunity_a, co_window_paths_b, co_window_broadway_c,
          co_window_paths_c, co_window_broadway_a, co_window_unsneaky_path_c,
          co_window_broadway_a, co_window_broadway_a, co_window_4corner_b,
          co_window_paths_e, glass_columns_a, glass_columns_a, glass_columns_b,
          glass_columns_b, glass_columns_a
D:7:      layout_rooms, minmay_a_box_with_orc_wizards_in_it,
          uniq_crazy_yiuf_cottage
D:8:      layout_basic, mainiacjoe_overflow_catwalk, serial_shops, shop,
          minivault_24
D:9:      layout_cave_pods, nzn_makhleb_speed_demon, erik_orc_1,
          dk_noncrumbling_2, uniq_psyche
D:10:     layout_long_grid, kb_rosetta, uniq_snorg, uniq_grum
Temple:   nicolae_temple_god_jail

Skill      XL: |  1  2  3  4  5  6  7  8  9 10 |
---------------+-------------------------------+-----
Transmutations | 1 |  1.0
Earth Magic    | 4 5 6 8 9 10 | 10.0
Dodging        | 2 |  2.0
Stealth        | 3 4 |  4.0
Conjurations   | 1 2 3 4 5 |  5.7
Evocations     | 1 2 3 4 6 |  6.7
Spellcasting   | 3 4 5 6 7 |  7.3
Maces & Flails | 2 4 |  4.2

Action                   |  1- 3 |  4- 6 |  7- 9 | 10-12 || total
-------------------------+-------+-------+-------+-------++-------
Melee: Dagger            |    12 |    33 |       |       ||    45
       Flail             |       |    15 |    39 |       ||    54
       Whip              |       |       |     2 |       ||     2
 Cast: Sandblast         |    44 |    92 |    41 |     1 ||   178
       Stone Arrow       |       |    12 |   116 |    62 ||   190
       Petrify           |       |       |     4 |     4 ||     8
Invok: Call Merchant     |       |       |     1 |       ||     1
Evoke: Wand              |       |       |     5 |    11 ||    16
  Use: Scroll            |       |       |     6 |       ||     6
 Stab: Sleeping          |     1 |       |       |       ||     1
Armor: Robe              |    11 |    40 |     7 |       ||    58
       Leather armour    |       |       |    91 |     9 ||   100
Dodge: Dodged            |    22 |    71 |    83 |     8 ||   184
